[Event "*** Titled Tuesday Blitz"]
[Site "Chess.com"]
[Date "2020.05.26"]
[Round "5"]
[White "Bulldog167"]
[Black "GmSergioBarrientos"]
[Result "0-1"]
[WhiteElo "2762"]
[BlackElo "2623"]
[TimeControl "180+1"]
[EndTime "10:57:49 PDT"]
[Termination "GmSergioBarrientos won on time"]

1. e4 c5 2. Nf3 d6 3. d4 Nf6 4.
Nc3 cxd4 5. Nxd4 g6 6. Be2 Bg7 7. O-O O-O 8. Be3 Nc6 9. Nb3 a5 10. a3 Be6 11. Nd4 Nxd4 12. Bxd4 Rc8 13. Qd2 Bc4 14. Rfe1 Bxe2 15. Rxe2 Qd7 16. Rd1 Qe6 17. Qd3 Qc4 18. Bxf6 Bxf6 19. Nd5 Kg7 20. c3 Qxd3 21.
Rxd3 Rfe8 22. f3 Rc6 23. a4 e6 24. Ne3 Rb8 25. c4 g5 26. b3 h5 27. h3 Be5 28.
Kf1 Kf6 29. Kf2 Rg8 30. Red2 Ke7 31. Rd1 Bf4 32. Nc2 g4 33. hxg4 hxg4 34. g3 gxf3 35.
gxf4 Rg2+ 36. Kxf3 Rxc2 37. e5 dxe5 38. fxe5 Rc7 39. Rh1 Rb2 40. Ke3 Rd7 41. Rhd1 Rxd3+ 42. Rxd3 Rb1 43. Kd4 Re1 44. Rh3 Rd1+ 45. Kc5 Re1 46.
Rh5 Re3 47. b4 axb4 48. Kxb4 b6 49. Rg5 Re1 50. Kb5 Rb1+ 51. Kc6 Rb4 52. Rg4 Kf8 53. Kb7 f5 54. exf6 Kf7 55. Ka6 Kxf6 56. a5 bxa5 57. Kxa5 Rb1 58. c5 Ke5 59. Rb4 Rc1 60. Kb6 Kd5 61.
Rb5 e5 62. c6+ Kd6 63. c7 Rc6+ 64. Kb7 Rxc7+ 65. Kb6 Rc1 66. Rb2 e4 67. Rc2 Rxc2 0-1

[Event "*** Titled Tuesday Blitz"]
[Site "Chess.com"]
[Date "2020.05.26"]
[Round "5"]
[White "Spartakus1975"]
[Black "atalz0"]
[Result "1-0"]
[WhiteElo "2689"]
[BlackElo "2341"]
[TimeControl "180+1"]
[EndTime "10:57:49 PDT"]
[Termination "Spartakus1975 won by resignation"]

1. e4 d5 2. exd5 Nf6 3. Nf3 Nxd5 4. d4 Bg4 5. c4 Nb6 6. Nc3 e5 7. d5 Bb4 8. Bd2 O-O 9. h3 Bxf3 10. Qxf3 c6 11. a3 Bxc3 12. Bxc3 cxd5 13. cxd5 Qxd5 14. Be2 Nc6 15. Rd1 Qxf3 16. Bxf3 Rad8 17. O-O Na4 18. Bxc6 Nxc3 19. Rxd8 Rxd8 20. Bxb7 Ne2+ 21. Kh2 Rb8 22. Re1 Rxb7 23. Rxe2 f6 24. Rc2 a5 25. Kg3 Kf7 26.
Kf3 Ke6 27. Ke2 Kd5 28. Kd2 h5 29. Kc1 g5 30. Rd2+ Ke6 31. Kc2 h4 32. Kc3 Rb6 33. b4 axb4+ 34. axb4 Rb8 35. Kc4 Rc8+ 36. Kb3 Rb8 37.
Ra2 Kd5 38. Rd2+ Ke4 39. Rd6 f5 40. Kc4 Rc8+ 41. Kb3 Rb8 42. Rc6 g4 43. Kc4 gxh3 44. gxh3 Kf4 45. b5 e4 46. Rf6 Ke5 47. Rf7 Rc8+ 48.
Kb4 f4 49. b6 Rb8 50. Kb5 e3 51. fxe3 fxe3 52. Re7+ Kf4 53. Kc6 Kf3 54. Kc7 Rxb6 55. Kxb6 e2 56. Kc5 Kf2 57. Kd4 e1=Q 58. Rxe1 Kxe1 59.
Ke3 Kf1 60. Kf3 Kg1 61. Kg4 Kf2 62. Kxh4 Kf3 63. Kg5 Ke4 64. h4 Ke5 65. h5 Ke6 66. Kg6 Ke7 67. Kg7 1-0

[Event "*** Titled Tuesday Blitz"]
[Site "Chess.com"]
[Date "2020.05.26"]
[Round "5"]
[White "kagg1125"]
[Black "Vesper2018"]
[Result "0-1"]
[WhiteElo "2585"]
[BlackElo "2321"]
[TimeControl "180+1"]
[EndTime "10:57:49 PDT"]
[Termination "Vesper2018 won by checkmate"]

1. c4 e5 2. Nc3 d6 3. Nf3 f5 4. g3 g6 5. d4 e4 6. Bg5 Qd7 7. Nh4 Qf7 8. Qb3 Bg7 9. Rd1 Nc6 10.
Be3 Nf6 11. d5 Ne5 12. Bd4 O-O 13. Ng2 g5 14. h4 h6 15. hxg5 hxg5 16. Bxe5 dxe5 17.
e3 b6 18. Be2 Bd7 19. Kd2 c6 20. Kc1 cxd5 21. Nxd5 Nxd5 22. cxd5 g4 23. Kb1 Rac8 24. Rh2 Qf6 25. Nh4 Qd6 26. a3 Rc5 27. Ng2 Rfc8 28.
Rhh1 a5 29. a4 Kf7 30. Rc1 Kf6 31. Nh4 Rxd5 32. Rxc8 Bxc8 33. Bc4 Rc5 34. Bg8 Be6 35. Bxe6 Qxe6 36. Qxe6+ Kxe6 37. Rd1 Rc8 38. b3 Bf8 39. Kb2 Bb4 40. Ng2 Bc3+ 41. Ka2 Bb4 42. Kb2 Rh8 43.
Nh4 f4 44. exf4 exf4 45. Rd4 Ke5 46. Rxb4 axb4 47. Ng6+ Kd4 48. Nxh8 e3 49. fxe3+ Kxe3 50. gxf4 g3 51. Nf7 g2 52. Kc2 g1=Q 53. Nd6 Qf2+ 54.
Kb1 Qxf4 55. Nc4+ Kd3 56. Nb2+ Kc3 57. Ka2 Qf2 58. Ka1 Qxb2# 0-1

[Event "*** Titled Tuesday Blitz"]
[Site "Chess.com"]
[Date "2020.05.26"]
[Round "5"]
[White "fridaywins"]
[Black "Onwgs"]
[Result "0-1"]
[WhiteElo "2242"]
[BlackElo "2480"]
[TimeControl "180+1"]
[EndTime "10:57:51 PDT"]
[Termination "Onwgs won by resignation"]

1. e4 e5 2. Nf3 Nc6 3. Bb5 a6 4. Ba4 Nf6 5. O-O Be7 6. Re1 b5 7.
Bb3 d6 8. c3 O-O 9. h3 Nb8 10. d4 Nbd7 11. Nbd2 Bb7 12. Bc2 Re8 13. Nf1 Bf8 14. Ng3 g6 15. a4 c6 16. axb5 axb5 17. Rxa8 Qxa8 18. dxe5 Nxe5 19. Nxe5 dxe5 20. Bg5 Bg7 21.
Qf3 Qd8 22. Rd1 Qe7 23. h4 h6 24. Be3 Bc8 25. Qe2 Ng4 26. h5 Qh4 27. hxg6 fxg6 28.
Nf1 Be6 29. f3 Nxe3 30. Qxe3 Rd8 31. Rxd8+ Qxd8 32. Nd2 Kh7 33. Bb3 Bc8 34. Nf1 Bf6 35. Qa7+ Qe7 36. Qb8 Qd7 37. Nh2 h5 38. Nf1 Be7 39.
Qxe5 Bd6 40. Qd4 Qe7 41. Qd2 Bc5+ 42. Kh1 Qh4+ 43. Nh2 Bf2 44. g4 hxg4 45. fxg4 Bxg4 46. Qf4 Bg3 47. Qf7+ Kh6 48. Qf8+ Kh5 49. Qh8+ Kg5 50. Qd8+ Kf4 51. Qd6+ Ke3 52. Qd4+ Kf4 53. Qd6+ Ke3 54. Qd4+ Ke2 55. Qd1+ Kf2 56. Qg1+ Ke2 57. Bd1+ Kd2 58. Qd4+ Kc1 59. Qe3+ Kxd1 60. Qd3+ Kc1 61. Qe3+ Kc2 62. Qg1 Bf3+ 63. Qg2+ Bxg2+ 64. Kxg2 Qxh2+ 0-1

[Event "*** Titled Tuesday Blitz"]
[Site "Chess.com"]
[Date "2020.05.26"]
[Round "5"]
[White "PavelChernomordik"]
[Black "JozefKneht"]
[Result "0-1"]
[WhiteElo "2226"]
[BlackElo "2474"]
[TimeControl "180+1"]
[EndTime "10:57:52 PDT"]
[Termination "JozefKneht won on time"]

1. e4 e5 2. Nf3 Nc6 3. Bb5 a6 4. Ba4 Nf6 5. Qe2 b5 6. Bb3 Be7 7. a4 b4 8. d4 d6 9. Qc4 O-O 10.
Qxc6 Rb8 11. dxe5 Bb7 12. Qc4 Nxe4 13. O-O d5 14. Qe2 c5 15. c4 bxc3 16. Nxc3 c4 17.
Bc2 Nc5 18. Rd1 Qd7 19. Ng5 h6 20. Nf3 Rfd8 21. Nd4 Ba8 22. Qh5 Bf8 23. Bf5 Qe7 24. Qg4 Kh8 25. f4 Qa7 26. Be3 Rxb2 27. Rab1 Qb8 28.
Bc2 Rxb1 29. Rxb1 Qc7 30. Qf5 g6 31. Qh3 Nd3 32. e6 f5 33. Qg3 Kh7 34. h4 h5 35.
Nf3 Bg7 36. Nd4 Qd6 37. Nce2 Nc5 38. Qg5 Nxe6 39. Nxe6 Qxe6 40. Qxd8 Qxe3+ 41. Kf1 d4 42. Qxa8 d3 43. Qf3 dxc2 44. Rc1 Qd2 45. Qc6 Qd1+ 46. Kf2 Bd4+ 47. Kg3 Qxe2 48. Qd7+ Kh6 49. Qxd4 Qd3+ 50. Qxd3 cxd3 51. Kf2 d2 52. Rxc2 d1=Q 53. Re2 Qd4+ 54. Kf3 Qxa4 55. g3 Qb5 56. Re5 Qd3+ 57. Re3 Qd5+ 58.
Kf2 a5 59. Re5 Qa2+ 60. Re2 Qc4 0-1

[Event "*** Titled Tuesday Blitz"]
[Site "Chess.com"]
[Date "2020.05.26"]
[Round "5"]
[White "Dinamo81"]
[Black "BillieKimbah"]
[Result "0-1"]
[WhiteElo "2621"]
[BlackElo "2855"]
[TimeControl "180+1"]
[EndTime "10:57:53 PDT"]
[Termination "BillieKimbah won on time"]

1. d4 e6 2. e4 d5 3. exd5 exd5 4. Nf3 Bd6 5. Bd3 Ne7 6. O-O Nbc6 7. c4 dxc4 8. Bxc4 O-O 9. Nc3 Bg4 10. h3 Bh5 11.
Re1 Re8 12. Bg5 h6 13. Be3 Nf5 14. g4 Nxe3 15. fxe3 Bg6 16. Kg2 Qd7 17. Bd3 Ne7 18. Rc1 c6 19. Nh4 Bc7 20. Bxg6 Nxg6 21. Nf5 Ne7 22. Qf3 Nxf5 23. gxf5 Qd6 24. Rh1 f6 25. h4 Re7 26. Rh3 Rae8 27. Re1 b5 28. a3 a5 29. Re2 Kh8 30. Nd1 c5 31. Nc3 cxd4 32.
Nxb5 Qc5 33. Nxd4 Qxd4 34. exd4 Rxe2+ 35. Kf1 Rxb2 36. Qc6 Re7 37. d5 Bb6 38. Rf3 Rb1+ 39. Kg2 Re2+ 40. Kh3 Rh1+ 41. Kg3 Rg1+ 42. Kf4 Bd4 43.
Rg3 Be5+ 44. Kf3 Rxg3+ 45. Kxe2 Rxa3 46. d6 Bxd6 47. Qxd6 Ra2+ 48. Ke3 Rg2 49. Qd8+ Kh7 50. Qxa5 h5 51. Qd5 Rg4 52. Qh1 Rg3+ 53. Kf4 Rg4+ 54.
Kf3 Kh6 55. Qc1+ Kh7 56. Qe1 Ra4 57. Qe8 Rxh4 58. Qg6+ Kh8 59. Ke3 Kg8 60. Qe8+ Kh7 61. Qg6+ Kg8 62. Qg3 Rg4 63. Qh3 Rg5 64. Ke4 Kh7 65.
Qh2 Rg4+ 0-1

[Event "*** Titled Tuesday Blitz"]
[Site "Chess.com"]
[Date "2020.05.26"]
[Round "5"]
[White "WPWPWP-2015"]
[Black "Meri-Arabidze"]
[Result "0-1"]
[WhiteElo "2362"]
[BlackElo "2579"]
[TimeControl "180+1"]
[EndTime "10:57:54 PDT"]
[Termination "Meri-Arabidze won by checkmate"]

1. e4 c5 2. Nf3 e6 3. d4 cxd4 4. Nxd4 Nc6 5. Nc3 a6 6. Be2 Qc7 7. O-O Nf6 8. Be3 d6 9. Nxc6 bxc6 10. f4 Be7 11. Bf3 O-O 12. Qe1 Rb8 13. b3 d5 14.
e5 Nd7 15. Qg3 c5 16. Bd2 Bb7 17. Rae1 Qd8 18. f5 Bh4 19. Qg4 exf5 20. Qxf5 Bxe1 21. Rxe1 Nb6 22. Bg5 Qc8 23. Qf4 Re8 24. Qg3 Qf5 25. Bf4 Qg6 26. Qf2 Rbc8 27. h3 Ba8 28. Bg4 Rc6 29.
Bf3 Rcc8 30. Bg4 Rc6 31. a4 d4 32. Ne4 Nd5 33. Bg3 Rf8 34. Bf5 Qh5 35. Bg4 Qh6 36.
Nd6 Ne3 37. Be2 Rb6 38. Bf4 Qg6 39. Bd3 Qxg2+ 40. Qxg2 Nxg2 41. Rf1 Nxf4 42. Rxf4 Bd5 43. a5 Rc6 44. Nf5 Rg6+ 45. Kf2 Re8 46. Nd6 Rd8 47. Bxg6 hxg6 48. Nc4 Bxc4 49. bxc4 Rb8 50. Kf3 Rb4 51.
Ke4 Rxc4 52. Rf2 Rc3 53. Kd5 g5 54. Kd6 c4 55. Kd5 d3 56. cxd3 cxd3 57. Rd2 Ra3 58. Kd6 g6 59. Rf2 Kg7 60. Ke7 Rxa5 61. Rxf7+ Kh6 62.
Kf6 Rd5 63. Rd7 Rxd7 64. e6 Rd6 65. Kf7 Rxe6 66. h4 d2 67. Kg8 gxh4 68. Kh8 Re8# 0-1

[Event "*** Titled Tuesday Blitz"]
[Site "Chess.com"]
[Date "2020.05.26"]
[Round "5"]
[White "Pavalamalli"]
[Black "pollo2016"]
[Result "0-1"]
[WhiteElo "2286"]
[BlackElo "2582"]
[TimeControl "180+1"]
[EndTime "10:57:55 PDT"]
[Termination "pollo2016 won by resignation"]

1. e4 c6 2. d4 d5 3. exd5 cxd5 4. Bf4 Nc6 5. c3 Nf6 6. h3 g6 7. Nf3 Bg7 8. Nbd2 O-O 9. Be2 b6 10. O-O Bb7 11. Re1 e6 12. Bf1 a6 13. Ne5 Nd7 14.
Ndf3 b5 15. a4 Ndxe5 16. Nxe5 Nxe5 17. Bxe5 Bxe5 18. dxe5 Bc6 19. axb5 Bxb5 20. Qd4 Bxf1 21. Rxf1 Qc7 22. Ra2 Qb7 23. Rfa1 Rfc8 24. Qd2 Rc6 25. Ra4 Rc4 26. Rxc4 dxc4 27. Ra4 Qc6 28. Ra5 Qb6 29. Ra4 Qb5 30. Rb4 Qxe5 31. Rxc4 Rb8 32. Rd4 Kg7 33. b4 a5 34. f4 Qf5 35. bxa5 Qxa5 36. Rb4 Qc5+ 37.
Kh2 Rc8 38. Qd4+ Qxd4 39. cxd4 Rc7 40. g4 h5 41. Kg3 Rc3+ 42. Kg2 hxg4 43. hxg4 g5 44.
f5 exf5 45. gxf5 Kf6 46. Rb5 Rd3 47. Rd5 g4 48. Kf2 Kg5 49. Kg2 Kf4 50. Rd7 Rd2+ 51. Kf1 f6 52. Rf7 Kxf5 53. Rd7 Kf4 54. d5 f5 55. d6 Kf3 56. Ke1 Rd5 57. Rd8 g3 58. d7 g2 59. Rg8 Rxd7 60. Rg7 Rxg7 0-1

[Event "*** Titled Tuesday Blitz"]
[Site "Chess.com"]
[Date "2020.05.26"]
[Round "5"]
[White "pavelalexandru07"]
[Black "Falia-p"]
[Result "1/2-1/2"]
[WhiteElo "2153"]
[BlackElo "2311"]
[TimeControl "180+1"]
[EndTime "10:57:59 PDT"]
[Termination "Game drawn - insufficient material"]

1. d4 Nf6 2. c4 e6 3. Nc3 Bb4 4. Qc2 d5 5. cxd5 exd5 6. Bg5 h6 7. Bh4 O-O 8. e3 c5 9. Nf3 Nc6 10. O-O-O Bxc3 11. Qxc3 c4 12. Ne5 Bf5 13. g4 Bh7 14. f4 Qd6 15. f5 Ne4 16. Qa3 Qxa3 17.
bxa3 Rfe8 18. Nxc6 bxc6 19. Kc2 g6 20. Bh3 g5 21.
Be1 Rab8 22. Bg2 Nd6 23. h3 Rxe3 24. Bb4 Nb5 25. a4 Re2+ 26. Rd2 Nxd4+ 27. Kd1 Rxd2+ 28. Bxd2 Rb1+ 29. Bc1 Kf8 30. Re1 Rb7 31. Kd2 f6 32.
Ba3+ Kf7 33. Kc3 Nxf5 34. gxf5 Bxf5 35. Kd4 Be6 36. a5 Rb5 37. a6 Ra5 38. Bc5 Rxa6 39. Re2 h5 40. Rb2 Bc8 41. Rb8 Bf5 42. Rb7+ Kg6 43.
Rxa7 Rxa7 44. Bxa7 g4 45. Bc5 gxh3 46. Bh1 Be4 47. Bxe4+ dxe4 48. Bd6 Kf5 49. a4 Kg4 50. a5 Kf3 51. a6 e3 52. a7 e2 53. a8=Q e1=Q 54. Qxc6+ Kf2 55. Bc5 Qd2+ 56. Kxc4+ Ke1 57. Qh1+ Ke2 58. Qxh3 Qc2+ 59. Kd5 Qd3+ 60. Qxd3+ Kxd3 61. Bd6 Ke3 62. Ke6 Kf3 63. Kxf6 Kg4 64. Kg6 h4 65. Bh2 h3 66. Bc7 Kf3 67. Bh2 Kg2 68. Bc7 Kg1 69. Bg3 Kg2 70. Bd6 Kf3 71. Kh5 Kg2 72. Kh4 h2 73. Bxh2 1/2-1/2

[Event "*** Titled Tuesday Blitz"]
[Site "Chess.com"]
[Date "2020.05.26"]
[Round "5"]
[White "Oleksandr_Bortnyk"]
[Black "bascheyaro"]
[Result "1-0"]
[WhiteElo "2983"]
[BlackElo "2695"]
[TimeControl "180+1"]
[EndTime "10:58:00 PDT"]
[Termination "Oleksandr_Bortnyk won by resignation"]

1. e4 e6 2. d4 d5 3. Nc3 Bb4 4. e5 Ne7 5. Bd2 b6 6. Qg4 Nf5 7. Nf3 h5 8. Qf4 c5 9. a3 Bxc3 10. bxc3 Ba6 11. Bd3 Bxd3 12. cxd3 Nc6 13. h4 Rc8 14.
O-O Na5 15. Rab1 c4 16. dxc4 Nxc4 17. Bc1 Na5 18. Bd2 O-O 19. g4 Nxh4 20. gxh5 Nxf3+ 21. Qxf3 f6 22. Qg4 f5 23. Qg6 Qe8 24. Kg2 f4 25.
Kf3 Nc4 26. Bc1 Rf5 27. Rg1 Qxg6 28. hxg6 Kf8 29. Rh1 Ke7 30. Rh7 Rg8 31. Kg4 f3 32.
Bg5+ Ke8 33. a4 Na5 34. Rbh1 Nc4 35. Rh8 Rxh8 36. Rxh8+ Rf8 37. Rh7 Rg8 38. Rh1 Nb2 39. a5 Kd7 40. axb6 axb6 41. Ra1 Kc6 42. Kxf3 Rf8+ 43.
Ke2 Kb7 44. f4 b5 45. Rb1 Na4 46. Rxb5+ Kc6 47. Rb3 Rh8 48. Kf2 Rh3 49. Rb8 Nxc3 50. Rg8 Ne4+ 51. Ke2 Nxg5 52. fxg5 Rg3 53. Rxg7 Rxg5 54.
Rg8 Kc7 55. g7 Kb7 56. Kf3 Rg6 57. Kf4 Rg1 58. Ke3 Rg4 59. Kd3 Rg3+ 60. Kc2 Rg4 61. Kc3 Ka7 62. Kb3 Kb7 63. Ka3 Ka7 64. Kb4 Rxd4+ 65. Kc5 Rg4 66. Kd6 d4 67. Kxe6 d3 68. Rd8 Rxg7 69. Rxd3 Kb6 70. Kf6 Rg1 71. e6 Rf1+ 72.
Ke7 Rd1 73. Rxd1 1-0

[Event "*** Titled Tuesday Blitz"]
[Site "Chess.com"]
[Date "2020.05.26"]
[Round "5"]
[White "VMikhalevski"]
[Black "DortmundCity"]
[Result "1-0"]
[WhiteElo "2752"]
[BlackElo "2579"]
[TimeControl "180+1"]
[EndTime "10:58:00 PDT"]
[Termination "VMikhalevski won by resignation"]

1. d4 d5 2. c4 c6 3. cxd5 cxd5 4. Bg5 Qb6 5. Nc3 e6 6. Qd2 Nc6 7. e3 Nf6 8. Bxf6 gxf6 9. Bd3 f5 10. Nge2 Bd6 11.
g3 a6 12. Rc1 Qd8 13. Nf4 Bd7 14. Qe2 b5 15. Qh5 Qf6 16. Bb1 Rc8 17. Nce2 Rc7 18.
Nd3 Qg6 19. Qf3 Qf6 20. Nef4 O-O 21. O-O Rfc8 22. Nc5 Be8 23. Nfd3 a5 24. a3 b4 25. Rc2 bxa3 26. bxa3 e5 27. Qxd5 exd4 28. Na6 Ne7 29. Nxc7 Nxd5 30. Nxd5 Qd8 31. Rxc8 Qxc8 32. Nf6+ Kg7 33. Nxe8+ Qxe8 34. exd4 Bxa3 35. Nf4 Bb2 36.
d5 a4 37. Rd1 Be5 38. d6 Qd7 39. Nh5+ Kh6 40. g4 Bxd6 41. Ng3 Qc7 42. Rxd6+ Kg5 43. h4+ Kxg4 44. Bxf5+ Kf4 45. Rd4+ Ke5 46. Rxa4 Qc1+ 47.
Kg2 Kf6 48. Re4 Qa1 49. Re3 h5 50. Rf3 Qa8 51. Nxh5+ Ke5 52. Ng3 Qg8 53. Bh3 Qh8 54.
h5 f5 55. Rxf5+ Kd6 56. Rg5 Ke7 57. Rg6 Qa8+ 58. Kg1 Qa2 59. Bf1 Qb1 60. Rg4 Kf7 61. h6 Qc2 62. Rh4 Kg8 63. h7+ Kh8 64. Rh2 Qc3 65. Be2 Qe1+ 66. Kg2 Qc3 67. Bf3 Qe5 68. Be4 Qg5 69. Rh5 Qg7 70. Ra5 Qf8 71. Ra8 1-0

[Event "*** Titled Tuesday Blitz"]
[Site "Chess.com"]
[Date "2020.05.26"]
[Round "5"]
[White "MartinCerveny"]
[Black "crescentmoon2411"]
[Result "1/2-1/2"]
[WhiteElo "2514"]
[BlackElo "2753"]
[TimeControl "180+1"]
[EndTime "10:58:00 PDT"]
[Termination "Game drawn by repetition"]

1. d4 Nf6 2. c4 e6 3. Nf3 d5 4. g3 Bb4+ 5. Bd2 Be7 6. Bg2 O-O 7.
O-O c6 8. Qc2 Nbd7 9. Rd1 b6 10.
a4 a5 11. Bg5 Bb7 12. Nbd2 Rc8 13. Bxf6 Nxf6 14. e4 h6 15. e5 Nd7 16. cxd5 cxd5 17.
Qd3 Qc7 18. Bf1 Qc2 19. Rab1 Qxa4 20. h4 Qc2 21. Qe3 Nb8 22. Bd3 Qc7 23. Ra1 Ba6 24.
Bb1 Nc6 25. Rc1 Qd7 26. Kg2 Nb4 27. Rc3 Rc7 28. g4 Rfc8 29. g5 h5 30. g6 f5 31.
Ng5 Qe8 32. Nf7 Bf8 33. Nf3 Rxf7 34. gxf7+ Qxf7 35. Ng5 Qg6 36. f4 Be7 37. Rxc8+ Bxc8 38. Bd3 Bxg5 39. hxg5 Qe8 40. Rc1 Bd7 41. Be2 Bc6 42. Kg3 g6 43. Qd2 Kf7 44. Rc3 Ke7 45. Rb3 Kd8 46.
Rxb4 axb4 47. Qxb4 Kc7 48. Qd6+ Kb7 49. b4 Bd7 50.
Bd3 Bc8 51. b5 Bd7 52. Kh4 Bc8 53. Be2 Bd7 54. Bd3 Qf7 55. Qb4 Be8 56. Qa4 Qc7 57.
Qa6+ Kb8 58. Kg3 Qa7 59. Qxa7+ Kxa7 60. Kh4 Kb7 61. Kg3 Kc7 62. Kh4 Kd8 63. Kg3 Kc7 64. Kh4 Kd8 65. Kg3 Kc7 1/2-1/2

[Event "*** Titled Tuesday Blitz"]
[Site "Chess.com"]
[Date "2020.05.26"]
[Round "5"]
[White "Larina_Marija"]
[Black "Denis_Palkovich"]
[Result "0-1"]
[WhiteElo "2136"]
[BlackElo "2316"]
[TimeControl "180+1"]
[EndTime "10:58:02 PDT"]
[Termination "Denis_Palkovich won by checkmate"]

1. e4 d5 2. exd5 Nf6 3. Bb5+ Bd7 4. Bxd7+ Qxd7 5. c4 c6 6. dxc6 Nxc6 7. Nf3 e5 8.
O-O e4 9. Re1 O-O-O 10. Ng5 Bc5 11. Nxe4 Nxe4 12. Rxe4 f5 13. Re1 Qd4 14. Qf3 Rhe8 15.
Rf1 Ne5 16. Qxf5+ Kb8 17. Nc3 Rf8 18. Qe4 Rxf2 19. Qxd4 Bxd4 20. Rxf2 Rf8 21. Nd1 Nd3 22. Rb1 Nxf2 23. Nxf2 Rxf2 24. h3 Rxd2+ 25. Kh2 Be5+ 26.
Kg1 Rd1+ 27. Kf2 Kc8 28. Ke2 Rh1 29. b3 Bf4 30. Bxf4 Rxb1 31. Be5 g6 32. Kf3 Kd7 33.
g4 Ke6 34. Bd4 Rh1 35. Kg2 Rd1 36. Bxa7 Rd2+ 37. Kf3 Rxa2 38. Bd4 Ra3 39. Ke4 Rxb3 40. h4 Rh3 41. Bf2 h5 42. gxh5 gxh5 43. Kf4 Rc3 44. c5 Rc2 45. Bd4 Kd5 46. Be3 Rxc5 47. Kg5 b5 48. Kxh5 Rc3 49. Bc1 b4 50. Bb2 Rc2 51. Bf6 b3 52. Kg6 Ke6 53. h5 Rg2+ 54. Bg5 b2 55. h6 Rxg5+ 56. Kxg5 b1=Q 57. h7 Qxh7 58. Kf4 Qh5 59. Ke3 Qg4 60. Kd3 Ke5 61.
Ke3 Qd4+ 62. Kf3 Kf5 63. Ke2 Qc3 64. Kf2 Kf4 65. Ke2 Qc2+ 66. Kf1 Kf3 67. Ke1 Qe2# 0-1

[Event "*** Titled Tuesday Blitz"]
[Site "Chess.com"]
[Date "2020.05.26"]
[Round "5"]
[White "Ba_clbaf_osed_ingo_3v21"]
[Black "kingofthenil"]
[Result "0-1"]
[WhiteElo "2600"]
[BlackElo "2454"]
[TimeControl "180+1"]
[EndTime "10:58:06 PDT"]
[Termination "kingofthenil won by checkmate"]

1. d4 Nf6 2. c4 c5 3. d5 e6 4. Nc3 exd5 5. cxd5 d6 6. e4 g6 7. f4 Bg7 8. Bb5+ Nfd7 9. Bd3 O-O 10. Nf3 Qa5 11. O-O c4 12. Bc2 b5 13. Be3 Na6 14. Bd4 Nac5 15. Bxg7 Kxg7 16. e5 Re8 17. Qd4 Kg8 18. Rfe1 a6 19. Ng5 Qb6 20. e6 fxe6 21. dxe6 Nxe6 22. Qxb6 Nxb6 23. Rad1 Nc7 24. Rxe8+ Nxe8 25. Nce4 Bf5 26. Bb1 d5 27. Nc3 Bxb1 28. Nxb1 Rd8 29.
Ne6 Rd6 30. Nd4 Nf6 31. Nc3 b4 32. Nce2 Ne4 33. g3 Na4 34. b3 Nac3 35. Nxc3 Nxc3 36. Rd2 Rd7 37. Kg2 Kf7 38. Nc6 Rb7 39. Ne5+ Ke6 40. bxc4 dxc4 41. Nxc4 Rc7 42. Ne5 a5 43. Kf3 a4 44.
Rb2 Rb7 45. Nd3 b3 46. Nc5+ Kd5 47. Nxb7 bxa2 48. Rd2+ Kc6 49. Nd8+ Kb6 50. Rxa2 Nxa2 51. Ne6 Nb4 52. Nd4 a3 53. Nb3 Kb5 54. Na1 Kc4 55. g4 Kc3 56. f5 gxf5 57. gxf5 Kb2 58. f6 Nc6 59. f7 Ne5+ 60. Ke4 Nxf7 61. Kd3 Kxa1 62.
Kc2 Ka2 63. Kc1 h5 64. Kd2 h4 65. Ke3 Kb2 66. Kf4 a2 67. Kg4 a1=Q 68. Kxh4 Qg1 69. h3 Qg5# 0-1

[Event "*** Titled Tuesday Blitz"]
[Site "Chess.com"]
[Date "2020.05.26"]
[Round "5"]
[White "DanielDardha2005"]
[Black "Andreikka"]
[Result "1-0"]
[WhiteElo "2657"]
[BlackElo "2916"]
[TimeControl "180+1"]
[EndTime "10:58:07 PDT"]
[Termination "DanielDardha2005 won on time"]

1. Nf3 d5 2. c4 e6 3. d4 Nf6 4. Nc3 Bb4 5. Bg5 h6 6. Bxf6 Qxf6 7. cxd5 exd5 8. Qb3 Qb6 9. e3 c6 10. Be2 O-O 11. O-O Bd6 12. Qc2 Nd7 13. Rab1 a5 14. Bd3 Nf6 15. Bf5 Bxf5 16. Qxf5 a4 17. Qc2 Qa6 18. a3 Rfe8 19. Rbc1 Nd7 20. Qe2 Qxe2 21. Nxe2 Nb6 22. Nd2 f5 23. h4 g6 24. Rfe1 Kf7 25. g3 g5 26. hxg5 hxg5 27. Kg2 Kg6 28. Nc3 Bf8 29. Kf3 Nc8 30. g4 Nd6 31. gxf5+ Kxf5 32. Rg1 Bg7 33. Rg4 Bf6 34. e4+ dxe4+ 35. Ncxe4 Nxe4 36. Nxe4 Be7 37. Rcg1 Rg8 38. Re1 Rad8 39. Ng3+ Kf6 40. Rge4 g4+ 41. Kg2 Rd7 42. Rf4+ Kg5 43. Ree4 Rg6 44. Rxg4+ Kf6 45. Ref4+ Kg7 46. Nf5+ Kh7 47.
Kf3 Bf6 48. Ke4 Rd5 49. Rxg6 Kxg6 50. Rg4+ Kf7 51. f3 Rb5 52. Nd6+ Ke6 53. Nxb5 cxb5 54.
Kd3 Be7 55. Re4+ Kd6 56. Rxe7 Kxe7 57. Kc3 Kd6 58. Kb4 Kd5 59. Kxb5 Kxd4 60. Kxa4 Kc4 61. f4 Kd5 62. Kb5 Ke4 63. Kb6 Kxf4 64. Kxb7 Ke4 65. a4 Kd4 66. a5 Kc4 67. a6 Kb3 68. a7 Kc2 69. a8=Q Kb1 70. b4 Kb2 71. b5 Kc3 72. b6 Kc4 73. Kc7 Kd3 74. b7 Kc3 75.
b8=Q 1-0

[Event "*** Titled Tuesday Blitz"]
[Site "Chess.com"]
[Date "2020.05.26"]
[Round "5"]
[White "themind1hunter"]
[Black "lili_ani"]
[Result "0-1"]
[WhiteElo "2387"]
[BlackElo "2557"]
[TimeControl "180+1"]
[EndTime "10:58:07 PDT"]
[Termination "lili_ani won on time"]

1. e4 c5 2. Nf3 Nc6 3. d4 cxd4 4.
Nxd4 Nf6 5. Nc3 d6 6. f3 e5 7.
Nb3 h6 8. Be3 Be7 9. Qd2 Be6 10.
O-O-O O-O 11. g4 Ne8 12. h4 Bxh4 13. Kb1 Bg5 14. Nd5 Bxd5 15. exd5 Bxe3 16. Qxe3 Ne7 17.
Bd3 Ng6 18. Nd2 Nf4 19. c4 Qb6 20. Qxb6 axb6 21. Bc2 Nc7 22. Ne4 Rad8 23. g5 h5 24. Rdg1 g6 25. Rd1 Kg7 26. b4 b5 27. Bb3 b6 28. a4 bxa4 29. Bxa4 Ne2 30. Kb2 Nd4 31. f4 b5 32. Bb3 bxc4 33. Bxc4 Rb8 34. fxe5 dxe5 35.
d6 Ncb5 36. Rd3 Rb6 37. Bxb5 Rxb5 38. Kc3 Rc8+ 39. Nc5 Rbxc5+ 40. bxc5 Rxc5+ 41. Kb4 Rd5 42. Kc4 Rxd6 43. Re1 Re6 44. Kd5 Nf5 45. Rxe5 Rd6+ 46. Ke4 Ra6 47. Rd7 Ra4+ 48. Kd3 h4 49. Rb5 Rf4 50. Rbb7 Ng3 51. Ke3 Rf5 52. Rd4 Rxg5 53.
Rdd7 Nf5+ 54. Ke4 Nh6 55. Kf4 Rh5 56. Ke3 h3 57. Rd1 h2 58. Rh1 Ng4+ 59. Kf3 Rh4 60.
Kg3 g5 61. Rb5 Kg6 62. Rb8 f6 63. Rg8+ Kf5 64. Rf1+ Ke6 65. Rh1 Kf7 66. Rc8 f5 67.
Rc7+ Kg6 68. Rc2 f4+ 69. Kf3 Kh5 0-1

[Event "*** Titled Tuesday Blitz"]
[Site "Chess.com"]
[Date "2020.05.26"]
[Round "5"]
[White "Zakaryan_David"]
[Black "farzadbfd"]
[Result "1-0"]
[WhiteElo "2507"]
[BlackElo "2724"]
[TimeControl "180+1"]
[EndTime "10:58:12 PDT"]
[Termination "Zakaryan_David won by resignation"]

1. e4 e5 2. Nf3 Nc6 3. Bb5 a6 4. Ba4 Nf6 5. d3 b5 6. Bb3 Bc5 7. O-O d6 8. a4 Rb8 9. axb5 axb5 10. c3 O-O 11. Bg5 h6 12. Bh4 Be6 13. Bc2 d5 14. d4 Be7 15. Nxe5 Nxe5 16. dxe5 Nxe4 17. Bxe7 Qxe7 18. Nd2 Bf5 19. f4 Qc5+ 20. Kh1 Nf2+ 21. Rxf2 Bxc2 22. Qf3 b4 23. f5 bxc3 24. bxc3 Be4 25.
Qg3 Kh7 26. Re1 Rb6 27. Rf4 Bc2 28. f6 Bg6 29. fxg7 Kxg7 30. Rh4 Qe7 31. Qf4 Qg5 32. Nf3 Qxf4 33. Rxf4 Rb3 34. c4 Rb4 35. Rc1 Ra8 36. h4 Raa4 37. Nd2 Bd3 38. Rg4+ Kh7 39. Rf4 Kg7 40.
Rg4+ Kh7 41. Kh2 dxc4 42. Rf4 Bg6 43. Rcxc4 Rxc4 44. Rxc4 Rxc4 45. Nxc4 Bd3 46. Nb2 Be2 47.
Kg3 Kg6 48. Kf4 h5 49. Na4 Bf1 50. g3 Bb5 51. Nc5 Bc6 52. Nd3 Bd5 53. Nb4 Bc4 54. Nc6 Be6 55. Ne7+ Kh6 56. Nc6 Bd5 57. Ne7 c6 58.
Kf5 Be6+ 59. Kf4 c5 60. Nc6 c4 61. Nd4 Kg6 62. Ne2 Bd7 63. Ke3 Bg4 64. Nd4 Bc8 65. Kd2 Ba6 66. Kc3 f6 67. e6 f5 68. e7 Kf7 69.
Nxf5 Bb7 70. Nd6+ Kxe7 71. Nxb7 Ke6 72. Nc5+ Kf5 73. Kxc4 Kg4 74. Ne4 Kf5 75. Kd4 Kg4 76. Ke5 Kf3 77. Kf5 Ke3 78. Nf6 Kf3 79. Nxh5 Kg2 80. g4 Kh3 81. g5 Kxh4 82. g6 Kxh5 83. g7 Kh4 84. g8=Q Kh3 85. Kf4 1-0

[Event "*** Titled Tuesday Blitz"]
[Site "Chess.com"]
[Date "2020.05.26"]
[Round "5"]
[White "Tenamu"]
[Black "MilosJi"]
[Result "0-1"]
[WhiteElo "2348"]
[BlackElo "2527"]
[TimeControl "180+1"]
[EndTime "10:58:13 PDT"]
[Termination "MilosJi won by resignation"]

1. d4 d5 2. Nc3 Bf5 3. Bf4 e6 4. Nb5 Na6 5. e3 c6 6. Nc3 Nc7 7. g4 Bg6 8. h4 h5 9. g5 Ne7 10. Bd3 Nf5 11. Nf3 Bd6 12. Ne5 Bxe5 13. Bxe5 a6 14. Qd2 f6 15. gxf6 gxf6 16. Bf4 Nb5 17.
O-O-O Qe7 18. Rdg1 Qf7 19. f3 O-O-O 20. Ne2 Nbd6 21.
e4 Ne7 22. Bxd6 Rxd6 23. Nf4 Bh7 24. Qh2 e5 25. Ne2 Re6 26. Qh3 Kb8 27. dxe5 fxe5 28. Rg5 Rf6 29. Rxe5 Rxf3 30. Qd7 Ng6 31. Qd6+ Ka8 32.
Rf5 Rxf5 33. exf5 Ne7 34. Nd4 Nxf5 35. Nxf5 Bxf5 36. Rf1 Qe6 37. Qxe6 Bxe6 38. Rf6 Bg4 39. a4 Re8 40. a5 Re3 41. b4 Rh3 42. b5 cxb5 43. Rd6 Bf3 44. Bf5 Rxh4 45. Rd8+ Ka7 46.
Bc8 Rc4 47. Be6 Be4 48. Kb2 Rxc2+ 49. Kb3 Rc4 50. Bf7 h4 51. Rh8 Bg2 52. Be6 h3 53. Rh7 Kb8 54. Bxh3 Bxh3 55. Rxh3 Ra4 56. Rh5 Rxa5 57.
Rxd5 Ra4 58. Rd6 Ka7 59. Rd7 Rc4 60. Re7 a5 61. Rf7 a4+ 62. Ka3 Ka6 63. Rf6+ Ka5 64. Rf7 Rc3+ 65. Kb2 Rb3+ 66. Ka2 b6 67. Rf4 Rd3 68.
Kb2 b4 69. Rf5+ b5 70. Rf8 a3+ 71. Kc2 Rc3+ 72. Kb1 b3 73. Ra8+ Kb4 74. Rb8 Rh3 75. Rxb5+ Kxb5 0-1